 Dungeon Crawl Stone Soup version 0.26-a0-639-g72c4674329 (webtiles) character file.

Game seed: 8680300502989253823

7304 Peloso the Blocker (level 11, -14/89 HPs)
             Began as a Gnoll Fighter on Sept 19, 2020.
             Was a High Priest of Okawaru.
             Demolished by a komodo dragon (16 damage)
             ... on level 10 of the Dungeon.
             The game lasted 00:25:57 (10999 turns).

Peloso the Blocker (Gnoll Fighter)                 Turns: 10999, Time: 00:25:57

Health: -14/89     AC: 22    Str: 22    XL:     11   Next: 13%
Magic:  20/20      EV:  6    Int: 11    God:    Okawaru [*****.]
Gold:   528        SH: 17    Dex: 14    Spells: 22/22 levels left

rFire    . . .     SeeInvis .   a - +2 long sword (vorpal)
rCold    . . .     Faith    .   c - +0 tower shield
rNeg     + . .     Spirit   .   Q - +0 plate armour
rPois    .         Reflect  .   n - +2 helmet
rElec    .         Harm     .   O - +0 cloak {rCorr}
rCorr    +         Rampage  .   i - +2 pair of gloves
MR       .....                  (no boots)
Stlth    ..........             m - amulet of magic regeneration
HPRegen  0.24/turn              o - ring of wizardry
MPRegen  0.42/turn              J - ring of positive energy

@: no status effects
A: distributed training, fangs 1, strong nose
a: Heroism, Finesse, Renounce Religion


You were on level 10 of the Dungeon.
You worshipped Okawaru.
Okawaru was extremely pleased with you.
You visited 2 branches of the dungeon, and saw 12 of its levels.
You also visited: Sewer and Bailey.

You collected 528 gold pieces.

Inventory:

Hand Weapons
 a - a +2 vorpal long sword (weapon)
 b - a +2 whip of flaming
Missiles
 e - 34 bolts
Armour
 c - a +0 tower shield (worn)
 i - a +2 pair of gloves (worn)
 n - a +2 helmet (worn)
 O - a +0 cloak of preservation (worn)
 Q - a +0 plate armour (worn)
Jewellery
 m - an amulet of magic regeneration (around neck)
 o - a ring of wizardry (left hand)
 v - an uncursed ring of protection from cold
 D - an uncursed ring of resist corrosion
 J - a ring of positive energy (right hand)
 R - an uncursed ring of poison resistance {unknown}
Wands
 y - a wand of digging (6)
 C - a wand of iceblast (16)
 F - a wand of paralysis (14)
 M - a wand of acid (7)
Scrolls
 f - a scroll of identify
 k - 8 scrolls of teleportation
 l - 8 scrolls of enchant weapon
 q - 6 scrolls of remove curse
 r - a scroll of enchant armour
 s - 2 scrolls of fog
 u - 2 scrolls of acquirement {unknown}
 w - 3 scrolls of amnesia
 A - a scroll of brand weapon {unknown}
 B - 4 scrolls of blinking {unknown}
 G - 2 scrolls of vulnerability {unknown}
 I - a scroll of immolation
Potions
 d - 2 potions of might
 g - 3 potions of brilliance
 h - 4 potions of haste
 j - a potion of resistance {unknown}
 p - 2 potions of mutation
 t - 2 potions of stabbing
 x - a potion of cancellation
 E - a potion of ambrosia {unknown}
 H - a potion of magic {unknown}
 K - 4 potions of curing
 L - a potion of flight
 P - a potion of heal wounds
Miscellaneous
 z - a lightning rod (4/4)
 N - a box of beasts (3/3)


   Skills:
 + Level 9.0 Fighting
 + Level 6.0 Short Blades
 + Level 7.6 Long Blades
 + Level 6.0 Axes
 + Level 6.0 Maces & Flails
 + Level 6.0 Polearms
 + Level 6.0 Staves
 + Level 6.0 Slings
 + Level 6.0 Bows
 + Level 6.0 Crossbows
 + Level 6.0 Throwing
 + Level 9.0 Armour
 + Level 6.0 Dodging
 + Level 6.0 Stealth
 + Level 9.0 Shields
 + Level 6.0 Unarmed Combat
 + Level 6.0 Spellcasting
 + Level 4.9 Conjurations
 + Level 4.9 Hexes
 + Level 4.9 Summonings
 + Level 4.9 Necromancy
 + Level 4.9 Translocations
 + Level 4.9 Transmutations
 + Level 4.9 Fire Magic
 + Level 4.9 Ice Magic
 + Level 4.9 Air Magic
 + Level 4.9 Earth Magic
 + Level 4.9 Poison Magic
 + Level 6.5 Invocations
 + Level 6.0 Evocations


You had 22 spell levels left.
You didn't know any spells.
Your spell library contained the following spells:

 Spells                   Type           Power        Failure   Level
 Animate Skeleton         Necr           ##....       71%         1
 Apportation              Tloc           ##....       71%         1
 Corona                   Hex            ##.....      71%         1
 Magic Dart               Conj           ##..         71%         1
 Summon Small Mammal      Summ           ##..         71%         1
 Searing Ray              Conj           ##....       85%         2
 Dazzling Flash           Conj/Hex       ##....       96%         3
 Fulminant Prism          Conj/Hex       ##........   100%        4
 Iskenderun's Mystic Bla  Conj/Tloc      ##......     100%        4


Dungeon Overview and Level Annotations

Branches:
Dungeon (11/15)            Temple (1/1) D:6            Lair (0/6) D:8
    Orc (0/2) D:9           Sewer (visited)          Bailey (visited)

Altars:
Ashenzari
Cheibriados
Dithmenos
Elyvilon
Fedhas
Gozag
Hepliaklqana
Kikubaaqudgha
Makhleb
Nemelex Xobeh
Okawaru
Qazlal
Ru
Sif Muna
Trog
Uskayaw
Vehumet
Wu Jian
Xom
Yredelemnul
Zin
The Shining One


Innate Abilities, Weirdness & Mutations

Your experience applies equally to all skills.
You have very sharp teeth.
Your uncanny sense of smell can sniff out nearby items.


Message History

The komodo dragon barely misses you. You block the komodo dragon's attack.
You slash the komodo dragon!
The komodo dragon is severely wounded.
The komodo dragon bites you!
The komodo dragon bites you but does no damage.
You hit the komodo dragon.
The komodo dragon is severely wounded.
The komodo dragon bites you but does no damage.
The komodo dragon bites you!
Your shield and plate armour prevent you from hitting the komodo dragon.
The komodo dragon is severely wounded.
The komodo dragon bites you!
* * * LOW HITPOINT WARNING * * *
The komodo dragon bites you!
* * * LOW HITPOINT WARNING * * *
You barely miss the komodo dragon.
You bite the komodo dragon, but do no damage.
The komodo dragon is severely wounded.
The komodo dragon bites you!
You die...

..........................<#
...........................#
...........................#
...........................#
...........................#
))...≈≈≈≈≈≈≈..#............#
###..≈#####≈.##.........####
#..≈#...#≈.##..l###...#
##.).[∩.#≈.##[@.# #...#
#.≈#...#≈.##l..# #####
#.≈#####≈......#
#.≈≈≈≈≈≈≈......#
#..............#
##.........##### ###########


You could see 2 komodo dragons.

Vanquished Creatures
  An orc warlord (Bailey)
  Pikel (D:6)
  A troll (D:6)
  Grinder (D:5)
  A hippogriff (D:9)
  6 yaks (D:10)
  2 wyverns
  A water moccasin (D:10)
  7 orc warriors
  A phantom (D:7)
  4 sky beasts
  An ice beast (D:5)
  A necrophage (D:9)
  3 ogres
  A centaur (D:8)
  3 lemures
  2 crocodiles
  3 bullfrogs
  A gnoll sergeant (D:9)
  3 scorpions
  6 killer bees (D:10)
  3 wights (D:9)
  A bullfrog zombie (D:10)
  A quasit (D:8)
  4 hounds
  3 jellies
  2 orc wizards
  4 orc priests
  A centaur skeleton (D:7)
  A gnoll shaman (D:5)
  3 worker ants
  19 gnolls
  15 adders
  3 shadow imps
  3 white imps
  2 ufetubi
  3 adder zombies
  2 adder skeletons
  2 worms (D:2)
  2 dart slugs (D:1)
  7 leopard geckos
  41 orcs
  8 bats
  8 giant cockroaches
  17 goblins
  9 hobgoblins
  11 jackals
  20 kobolds
  7 quokkas
  A ball python (D:6)
  10 frilled lizards
  2 gnoll zombies (D:9)
  A jackal skeleton (D:6)
  12 rats
278 creatures vanquished.

Notes
Turn   | Place    | Note
-------+----------+-------------------------------------------
     0 | D:1      | Peloso the Gnoll Fighter began the quest for the Orb.
     0 | D:1      | Reached XP level 1. HP: 23/23 MP: 1/1
   154 | D:1      | Reached XP level 2. HP: 27/29 MP: 2/2
   425 | D:1      | Reached XP level 3. HP: 35/35 MP: 3/3
   488 | D:1      | Reached skill level 1 in Invocations
   808 | D:2      | Reached skill level 1 in Short Blades
   808 | D:2      | Reached skill level 1 in Axes
   808 | D:2      | Reached skill level 1 in Maces & Flails
   808 | D:2      | Reached skill level 1 in Polearms
   808 | D:2      | Reached skill level 1 in Staves
   808 | D:2      | Reached skill level 1 in Slings
   808 | D:2      | Reached skill level 1 in Bows
   808 | D:2      | Reached skill level 1 in Crossbows
   808 | D:2      | Reached skill level 1 in Throwing
   808 | D:2      | Reached skill level 1 in Dodging
   808 | D:2      | Reached skill level 1 in Stealth
   808 | D:2      | Reached skill level 1 in Unarmed Combat
   808 | D:2      | Reached skill level 1 in Spellcasting
   808 | D:2      | Reached skill level 1 in Evocations
   836 | D:2      | Reached XP level 4. HP: 41/41 MP: 5/5
  1299 | D:2      | Reached skill level 1 in Conjurations
  1299 | D:2      | Reached skill level 1 in Hexes
  1299 | D:2      | Reached skill level 1 in Summonings
  1299 | D:2      | Reached skill level 1 in Necromancy
  1299 | D:2      | Reached skill level 1 in Translocations
  1299 | D:2      | Reached skill level 1 in Transmutations
  1299 | D:2      | Reached skill level 1 in Fire Magic
  1299 | D:2      | Reached skill level 1 in Ice Magic
  1299 | D:2      | Reached skill level 1 in Air Magic
  1299 | D:2      | Reached skill level 1 in Earth Magic
  1299 | D:2      | Reached skill level 1 in Poison Magic
  1320 | D:2      | Reached XP level 5. HP: 47/47 MP: 6/6
  2043 | D:3      | Found a glowing drain.
  2047 | Sewer    | Entered a sewer
  2086 | Sewer    | Noticed a crocodile
  2098 | Sewer    | Killed a crocodile
  2098 | Sewer    | Reached XP level 6. HP: 31/53 MP: 8/8
  2845 | D:4      | Reached skill level 5 in Long Blades
  2864 | D:4      | Found a radiant altar of Vehumet.
  3433 | D:4      | Reached XP level 7. HP: 55/59 MP: 10/10
  3624 | D:5      | Entered Level 5 of the Dungeon
  3920 | D:5      | Noticed Grinder
  3929 | D:5      | Paralysed by Grinder for 5 turns
  3946 | D:5      | Paralysed by Grinder for 7 turns
  3956 | D:5      | Killed Grinder
  4603 | D:5      | Got a bloodstained dagger
  4604 | D:5      | Identified the +1 dagger "Happ" {drain, rF- rN++} (You
                  | found it on level 5 of the Dungeon)
  4871 | D:5      | Reached XP level 8. HP: 67/67 MP: 12/12
  4891 | D:6      | Found a shimmering blue altar of Sif Muna.
  4950 | D:6      | Noticed a troll
  4961 | D:6      | Found a staircase to the Ecumenical Temple.
  4976 | D:6      | HP: 3/67 [troll (7)]
  4976 | D:6      | HP: 1/67 [troll (2)]
  4986 | D:6      | Noticed Pikel
  4987 | Temple   | Entered the Ecumenical Temple
  5029 | Temple   | Became a worshipper of Warmaster Okawaru
  5446 | D:6      | Killed a troll
  5587 | D:6      | Killed Pikel
  5587 | D:6      | Reached * piety under Okawaru
  5587 | D:6      | Reached ** piety under Okawaru
  5587 | D:6      | Reached XP level 9. HP: 51/72 MP: 12/14
  6344 | D:7      | Found a hide-covered altar of Uskayaw.
  6877 | D:7      | Found a shattered altar of Ashenzari.
  7347 | D:8      | Reached skill level 5 in Invocations
  7551 | D:8      | Found a staircase to the Lair.
  7801 | D:9      | Found a staircase to the Orcish Mines.
  7880 | D:9      | Reached XP level 10. HP: 75/80 MP: 17/17
  7985 | D:9      | Reached *** piety under Okawaru
  8074 | D:9      | Found a basalt altar of Yredelemnul.
  8168 | D:9      | Reached skill level 5 in Short Blades
  8168 | D:9      | Reached skill level 5 in Axes
  8168 | D:9      | Reached skill level 5 in Maces & Flails
  8168 | D:9      | Reached skill level 5 in Polearms
  8168 | D:9      | Reached skill level 5 in Staves
  8168 | D:9      | Reached skill level 5 in Slings
  8168 | D:9      | Reached skill level 5 in Bows
  8168 | D:9      | Reached skill level 5 in Crossbows
  8168 | D:9      | Reached skill level 5 in Throwing
  8168 | D:9      | Reached skill level 5 in Dodging
  8168 | D:9      | Reached skill level 5 in Stealth
  8168 | D:9      | Reached skill level 5 in Unarmed Combat
  8168 | D:9      | Reached skill level 5 in Spellcasting
  8168 | D:9      | Reached skill level 5 in Evocations
  8898 | D:9      | Found an opulent altar of Gozag.
  9076 | D:10     | Entered Level 10 of the Dungeon
  9086 | D:10     | Found a burning altar of Makhleb.
  9125 | D:10     | Found a flagged portal.
  9141 | Bailey   | Entered a bailey
  9146 | Bailey   | Noticed an orc warlord
  9252 | Bailey   | Found a runed translucent gate.
  9266 | Bailey   | Found a runed translucent gate.
  9269 | Bailey   | Found a runed translucent gate.
  9453 | Bailey   | Killed an orc warlord
  9453 | Bailey   | Reached **** piety under Okawaru
  9704 | Bailey   | Got a brightly glowing scale mail
  9715 | Bailey   | Identified the cursed +0 scale mail "Onur" {Harm rC- rN+
                  | Int+3} (You found it in a bailey)
  9955 | D:10     | Reached ***** piety under Okawaru
  9964 | D:10     | Reached XP level 11. HP: 67/87 MP: 19/19
 10998 | D:10     | HP: 1/89 [komodo dragon (14)]
 10999 | D:10     | Demolished by a komodo dragon

Illustrated notes

Levels and vault maps discovered:
D:1:      dpeg_arrival_three_same_balls, layout_basic, minmay_misc_feat_alley
D:2:      layout_loops_ring
D:3:      layout_loops_ring, gup_sewer_entry_bowl
D:4:      minmay_inner_zag, layout_loops_ring, lemuel_doored_altar,
          kennysheep_generic_room_4
D:5:      layout_loops_ring, item_on_display_a, uniq_grinder
D:6:      layout_rooms, overflow_temple_1_default, minmay_temple_entry_tees,
          uniq_pikel
D:7:      layout_cave_pools, hangedman_feature_mirror
D:8:      layout_rooms, lair_entry_dummy
D:9:      layout_loops_ring, kennysheep_mini, lemuel_zombie_altar_yredelemnul,
          david_orc_2, dk_noncrumbling_4
D:10:     layout_irregular_city, enter_bailey_3, basic_altar
D:11:     layout_layer_cave, onia_ninara_cookie
Temple:   compressed_dpeg_circular_temple

Skill      XL: |  1  2  3  4  5  6  7  8  9 10 11 |
---------------+----------------------------------+-----
Invocations    | 1 2 3 4 5 6 |  6.5
Short Blades   | 1 2 3 4 5 6 |  6.0
Axes           | 1 2 3 4 5 6 |  6.0
Maces & Flails | 1 2 3 4 5 6 |  6.0
Polearms       | 1 2 3 4 5 6 |  6.0
Staves         | 1 2 3 4 5 6 |  6.0
Slings         | 1 2 3 4 5 6 |  6.0
Bows           | 1 2 3 4 5 6 |  6.0
Crossbows      | 1 2 3 4 5 6 |  6.0
Throwing       | 1 2 3 4 5 6 |  6.0
Dodging        | 1 2 3 4 5 6 |  6.0
Stealth        | 1 2 3 4 5 6 |  6.0
Unarmed Combat | 1 2 3 4 5 6 |  6.0
Spellcasting   | 1 2 3 4 5 6 |  6.0
Evocations     | 1 2 3 4 5 6 |  6.0
Conjurations   | 1 2 3 4 |  4.9
Hexes          | 1 2 3 4 |  4.9
Summonings     | 1 2 3 4 |  4.9
Necromancy     | 1 2 3 4 |  4.9
Translocations | 1 2 3 4 |  4.9
Transmutations | 1 2 3 4 |  4.9
Fire Magic     | 1 2 3 4 |  4.9
Ice Magic      | 1 2 3 4 |  4.9
Air Magic      | 1 2 3 4 |  4.9
Earth Magic    | 1 2 3 4 |  4.9
Poison Magic   | 1 2 3 4 |  4.9
Long Blades    | 5 6 7 |  7.6
Fighting       | 7 8 9 |  9.0
Armour         | 7 8 9 |  9.0
Shields        | 7 8 9 |  9.0

Action                   |  1- 3 |  4- 6 |  7- 9 | 10-12 || total
-------------------------+-------+-------+-------+-------++-------
Melee: Long sword        |    73 |   202 |   378 |   217 ||   870
       Bite              |     6 |    26 |    74 |    63 ||   169
       Falchion          |       |       |   119 |   169 ||   288
Invok: Heroism           |       |       |       |     7 ||     7
  Use: Potion            |       |     4 |     5 |     3 ||    12
       Scroll            |       |     6 |     5 |     6 ||    17
Armor: Scale mail        |    22 |    46 |       |       ||    68
       Chain mail        |       |    39 |   251 |    36 ||   326
       Plate armour      |       |       |       |   116 ||   116
Dodge: Dodged            |    31 |    40 |    86 |    89 ||   246
Block: Kite shield       |    41 |    75 |       |       ||   116
       Tower shield      |       |    60 |   487 |   415 ||   962
       Rpst.: Long sword |    16 |    16 |    10 |    19 ||    61
       Falchion          |       |       |     6 |     5 ||    11

Table legend: (Time is in decaauts)
 A = Elapsed time spent in this place.
 B = Non-inter-level travel time spent in this place.
 C = Inter-level travel time spent in this place.
 D = Time resting spent in this place.
 E = Time spent auto-exploring this place.
 F = Levels seen in this place.
 G = Mean time per level.
                   A        B        C        D        E       F      G
               +--------+--------+--------+--------+--------+-----+--------+
         Total |  11158 |  10890 |    268 |   1295 |   6304 |  14 |  797.0 |
       Dungeon |   9927 |   9659 |    268 |    672 |   6232 |  11 |  902.5 |
        Temple |    321 |    321 |      0 |    277 |      0 |   1 |  321.0 |
         Sewer |    240 |    240 |      0 |    124 |     41 |   1 |  240.0 |
        Bailey |    668 |    668 |      0 |    222 |     31 |   1 |  668.0 |
               +--------+--------+--------+--------+--------+-----+--------+

Top non-repeatable levels by time:
     D:5: 1360 daAuts
     D:9: 1311 daAuts
    D:10: 1260 daAuts
     D:2: 1073 daAuts
     D:7: 987 daAuts
     D:4: 837 daAuts
     D:6: 835 daAuts
     D:1: 821 daAuts
     D:8: 730 daAuts
     D:3: 706 daAuts
  Bailey: 668 daAuts
  Temple: 321 daAuts
   Sewer: 240 daAuts
    D:11: 2 daAuts
